 Dungeon Crawl Stone Soup version 0.31-a0-466-g98c9adc2b6 (webtiles) character file.

Game seed: 13651344013703161171

10364 porpoise the Destroyer (level 11, -10/63 HPs)
             Began as a Gargoyle Earth Elementalist on Aug 6, 2023.
             Was an Elder of Vehumet.
             Mangled by an orc warlord
             ... wielding a +3 battleaxe
              (26 damage)
             ... in a bailey.
             The game lasted 01:09:22 (12201 turns).

porpoise the Destroyer (GrEE)                      Turns: 12201, Time: 01:09:23

Health: -10/63     AC: 14    Str: 12    XL:     11   Next: 61%
Magic:  12/18      EV: 17    Int: 20    God:    Vehumet [****..]
Gold:   463        SH:  5    Dex: 10    Spells: 3/20 levels left

rFire   + . .        a - staff of conjuration
rCold   + . .        O - +0 buckler
rNeg    + . .        P - +2 robe {rC+ rF+}
rPois   ∞            E - +1 hat {Stlth+}
rElec   +            g - +0 cloak
rCorr   .            (no gloves)
SInv    .            (no boots)
Will    .....        U - amulet of the acrobat
Stlth   +++          F - ring of wizardry
HPRegen 0.30/turn    Q - +5 ring of evasion
MPRegen 0.16/turn

%: acrobat, wizardry (x1)
@: mighty, hasted, very quick
A: sickness immunity, AC +8, negative energy resistance 1, electricity
resistance, torment resistance 1, petrification resistance
a: Renounce Religion


You were in a bailey.
You worshipped Vehumet.
Vehumet was greatly pleased with you.
You visited 2 branches of the dungeon, and saw 10 of its levels.
You also visited: Sewer, Ossuary and Bailey.

You collected 591 gold pieces.
You spent 128 gold pieces at shops.

Inventory:

Hand Weapons
 b - a +0 sling of electrocution
 w - a +1 dagger of venom
 R - the +6 rapier of Grontol {protect, +Blink Str+3}
   (You found it on level 7 of the Dungeon)

   Str:       It affects your strength (+3).
   +Blink:    It lets you blink.
Missiles
 n - 3 throwing nets
 s - 20 boomerangs
 v - 12 poisoned darts (quivered)
Armour
 g - a +0 cloak (worn)
 E - a +1 hat of stealth (worn)
 I - +0 steam dragon scales
 L - the +1 ring mail "Koxzal" {rElec rPois Dex-2 Stlth+}
   (You found it on level 6 of the Dungeon)

   Dex:       It affects your dexterity (-2).
   rElec:     It insulates you from electricity.
   rPois:     It protects you from poison.
   Stlth:     It makes you more stealthy.
 O - a +0 buckler (worn)
 P - a +2 robe of resistance (worn)
Magical Staves
 a - a staff of conjuration (weapon)
 K - a staff of death
Jewellery
 F - a ring of wizardry (left hand)
 M - a ring of flight
 Q - a +5 ring of evasion (right hand)
 S - an amulet of guardian spirit
 T - an amulet of faith
 U - an amulet of the acrobat (around neck)
 V - a ring of willpower
Wands
 f - a wand of mindburst (12)
 u - a wand of polymorph (12)
 x - a wand of light (15)
 z - a wand of charming (1)
 H - a wand of flame (25)
 N - a wand of iceblast (13)
Scrolls
 c - 2 scrolls of identify
 h - 3 scrolls of revelation
 j - 2 scrolls of poison
 k - 5 scrolls of teleportation
 m - 2 scrolls of brand weapon
 o - a scroll of torment
 q - 4 scrolls of fog
 y - a scroll of fear
 A - 2 scrolls of butterflies
 C - 4 scrolls of noise
 J - a scroll of blinking {unknown}
Potions
 d - a potion of ambrosia
 e - 3 potions of curing
 i - 3 potions of enlightenment
 l - a potion of magic
 p - 2 potions of brilliance
 r - a potion of cancellation
 t - 2 potions of mutation
 B - 4 potions of might
 G - 8 potions of heal wounds
 W - 2 potions of resistance


   Skills:
 - Level 5.0 Fighting
 - Level 4.0 Staves
 - Level 5.0 Dodging
 - Level 2.1 Stealth
 - Level 5.0 Shields
 - Level 5.0 Spellcasting
 + Level 10.1 Conjurations
 - Level 5.0 Hexes
 - Level 0.7 Transmutations
 + Level 6.2 Fire Magic
 - Level 9.0 Earth Magic


You had 3 spell levels left.
You knew the following spells:

 Your Spells              Type           Power      Damage    Failure   Level
a - Sandblast             Erth           82%        2d17      1%          1
b - Stone Arrow           Conj/Erth      100%       3d13      1%          3
c - Fulminant Prism       Conj/Hex       26%        3d13      1%          4
u - Yara's Violent Unrav  Hex/Tmut       8%         3d5       14%         5
w - Flame Wave            Conj/Fire      54%        2d13      1%          4

Your spell library contained the following spells:

 Spells                   Type           Power      Damage    Failure   Level
 Magic Dart               Conj           100%       1d8       1%          1
 Passwall                 Tmut/Erth      20%        N/A       1%          2
 Inner Flame              Hex/Fire       27%        N/A       1%          3
 Mephitic Cloud           Conj/Pois/Air  27%        N/A       1%          3
 Volatile Blastmotes      Fire/Tloc      34%        2d12      1%          3
 Summon Small Mammal      Summ           20%        N/A       6%          1
 Portal Projectile        Hex/Tloc       30%        N/A       6%          3
 Summon Guardian Golem    Hex/Summ       15%        N/A       6%          3
 Wereblood                Tmut           7%         N/A       7%          2
 Blink                    Tloc           10%        N/A       9%          2
 Call Imp                 Summ           10%        N/A       9%          2
 Call Canine Familiar     Summ           5%         N/A       17%         3
 Vhi's Electric Charge    Tloc/Air       10%        N/A       17%         3
 Sticky Flame             Conj/Fire      54%        2d7       1%          4
 Fireball                 Conj/Fire      27%        3d12      1%          5
 Iskenderun's Battlesphe  Conj           62%        2d11      1%          5
 Iskenderun's Mystic Bla  Conj/Tloc      37%        2d9       2%          4
 Leda's Liquefaction      Hex/Erth       16%        N/A       3%          4
 Irradiate                Conj/Tmut      20%        3d18      5%          5
 Petrify                  Tmut/Erth      24%        N/A       9%          4
 Orb of Destruction       Conj           31%        9d10      21%         7
 Conjure Ball Lightning   Conj/Air       18%        3x3d6     28%         6
 Manifold Assault         Tloc           5%         N/A       50%         4
 Summon Mana Viper        Hex/Summ       15%        N/A       50%         5
 Summon Forest            Summ/Tloc      2%         N/A       82%         5
 Summon Cactus Giant      Summ           2%         N/A       100%        6
 Summon Hydra             Summ           2%         N/A       100%        7
 Maxwell's Capacitive Co  Air            2%         ∞         100%        8
 Chain Lightning          Conj/Air       18%        3d24      100%        9
 Sublimation of Blood     Necr           Unusable   N/A       N/A         2

Dungeon Overview and Level Annotations

Branches:
Dungeon (9/15)             Temple (1/1) D:6            Lair (0/5) D:9
  Sewer (visited)         Ossuary (visited)          Bailey (1/1)
    Orc: D:9-12

Altars:
Ashenzari
Cheibriados
Dithmenos
Elyvilon
Fedhas
Gozag
Hepliaklqana
Kikubaaqudgha
Makhleb
Nemelex Xobeh
Okawaru
Qazlal
Ru
Sif Muna
Trog
Uskayaw
Vehumet
Wu Jian
Xom
Yredelemnul
Zin
The Shining One

Shops:
D:4 ?[*(   D:6 (

Annotations:
D:4 2 runed translucent doors, randomguy2701's ghost, amateur TeAE
D:6 2 runed translucent doors
D:8 3 runed translucent doors, Gelion's ghost, novice OpSh


Innate Abilities, Weirdness & Mutations

You are immune to sickness and miasma.
Your stone body is resilient. (AC +8)
You are immune to poison.
You resist negative energy. (rN+)
You are resistant to electric shocks. (rElec)
You are resistant to unholy torment.
You are immune to petrification.


Message History

Casting: Stone Arrow (safe; 1% risk of failure)
Confirm with . or Enter, or press ? or * to list all spells.
Aiming: Stone Arrow (safe; 1% risk of failure)
Press: ? - help, Shift-Dir - straight line, f/p - orc warlord
Aim: an orc warlord, wielding a +3 battleaxe and wearing a +0 plate armour (moderately wounded, ally target, 87% to hit)
You feel a surge of power!
The stone arrow hits the orc warlord but does no damage.
The orc warlord is moderately wounded.
The orc warlord hits you with a +3 battleaxe!!
Your fulminant prism crackles loudly.
Casting: Stone Arrow (safe; 1% risk of failure)
Confirm with . or Enter, or press ? or * to list all spells.
Aiming: Stone Arrow (safe; 1% risk of failure)
Press: ? - help, Shift-Dir - straight line, f/p - orc warlord
Aim: an orc warlord, wielding a +3 battleaxe and wearing a +0 plate armour (moderately wounded, ally target, 87% to hit)
You feel a surge of power!
The stone arrow hits the orc warlord!!
The orc warlord is heavily wounded.
The orc warlord hits you with a +3 battleaxe!
* * * LOW HITPOINT WARNING * * *
Your fulminant prism explodes!
The blast of energy engulfs the orc warlord!!
The orc warlord is severely wounded.
Magic courses through your body.
Casting: Stone Arrow (safe; 1% risk of failure)
Confirm with . or Enter, or press ? or * to list all spells.
Aiming: Stone Arrow (safe; 1% risk of failure)
Press: ? - help, Shift-Dir - straight line, f/p - orc warlord
Aim: an orc warlord, wielding a +3 battleaxe and wearing a +0 plate armour (severely wounded, 87% to hit)
You feel a surge of power!
The stone arrow misses the orc warlord.
The orc warlord barely misses you.
Unknown command.
Casting: Stone Arrow (safe; 1% risk of failure)
Confirm with . or Enter, or press ? or * to list all spells.
Aiming: Stone Arrow (safe; 1% risk of failure)
Press: ? - help, Shift-Dir - straight line, f/p - orc warlord
Aim: an orc warlord, wielding a +3 battleaxe and wearing a +0 plate armour (severely wounded, 87% to hit)
You feel a surge of power!
The stone arrow hits the orc warlord!
The orc warlord is almost dead.
The orc warlord hits you with a +3 battleaxe!!
You die...

...#########......8...#
..##~~~#~~~####.)....##
..#~".....~#~~#.....##
..#~?........~#....##
..##8.8...8.8~##...#
...#.........~~'...#
...#....∩....~~'...#
...#.........~~o...#
..##8.8...8.8~##@..#
..#~!........~#....##
÷.#~|.....~#~~#.....##
..##~~~#~~~####......##
...#########......8...#
8....').).))..........#
.....#)~)~~#..........#
.....#~~~~~#...8..8..##
8...##~~~~~##.......##


You could see an orc warlord.

Vanquished Creatures
  Gastronok (D:9)
  2 two-headed ogres
  Pikel (D:6)
  Joseph (D:8)
  Maurice (D:7)
  A kobold demonologist (D:9)
  Maggie (D:8)
  A hornet (D:6)
  5 yaks (D:9)
  2 shadows (D:6)
  A vampire mosquito (D:6)
  2 steam dragons (D:6)
  A water moccasin (D:6)
  6 orc warriors
  A sky beast (D:6)
  A black bear (D:6)
  An ice beast (D:6)
  2 ogres (D:6)
  3 centaurs
  The ghost of Brisketman the Grave Robber, an amateur DsNe (D:3)
  3 phantoms
  A gnoll sergeant (D:7)
  2 elf zombies (Ossuary)
  A bullfrog (D:7)
  3 scorpions
  13 wights
  3 killer bees (D:8)
  4 howler monkeys
  3 centaur zombies (Ossuary)
  11 jellies
  2 gnoll boudas
  8 hounds
  4 orc priests
  3 sleepcaps
  6 iguanas
  12 orc wizards
  2 mummies (Ossuary)
  13 gnolls
  14 adders
  3 river rats (Sewer)
  3 white imps
  2 ufetubi
  An adder zombie (Ossuary)
  3 dart slugs
  48 orcs
  9 ball pythons
  9 endoplasms
  5 giant cockroaches
  8 goblins
  11 hobgoblins
  7 jackals
  17 kobolds
  4 quokkas
  7 bats
  3 frilled lizards
  2 goblin zombies (Ossuary)
  11 hobgoblin zombies (Ossuary)
  A jackal zombie (Ossuary)
  12 kobold zombies (Ossuary)
  5 orc zombies (Ossuary)
  10 rats
324 creatures vanquished.

Vanquished Creatures (others)
  A lemure (D:6)
  An adder (D:6)
  A jackal (D:5)
  10 fulminant prisms
13 creatures vanquished.

Grand Total: 337 creatures vanquished

Notes
Turn   | Place    | Note
-------+----------+-------------------------------------------
     0 | D:1      | porpoise the Gargoyle Earth Elementalist began the quest
                  | for the Orb.
     0 | D:1      | Reached XP level 1. HP: 10/10 MP: 3/3
   167 | D:1      | Reached XP level 2. HP: 15/15 MP: 0/5
   442 | D:1      | Found a faded altar of an unknown god.
   847 | D:2      | Reached XP level 3. HP: 19/19 MP: 4/6
  1120 | D:2      | Learned a level 3 spell: Stone Arrow
  1190 | D:2      | Reached XP level 4. HP: 24/24 MP: 6/8
  1454 | D:2      | Reached skill level 1 in Conjurations
  1763 | D:2      | Reached skill level 1 in Fighting
  1763 | D:2      | Reached skill level 5 in Earth Magic
  1816 | D:3      | Found a runed translucent door.
  1825 | D:3      | Noticed Brisketman's ghost (amateur DsNe)
  2346 | D:3      | Reached XP level 5. HP: 26/29 MP: 6/9
  2524 | D:3      | Killed Brisketman's ghost
  2525 | D:3      | Reached skill level 2 in Conjurations
  2713 | D:4      | Reached XP level 6. HP: 34/36 MP: 4/10
  2796 | D:4      | Found a runed translucent door.
  2799 | D:4      | Noticed randomguy2701's ghost (amateur TeAE)
  2827 | D:4      | Found Nicvat's Antique Weapon Shoppe.
  2862 | D:4      | Found a glowing drain.
  2867 | Sewer    | Entered a sewer
  3005 | Sewer    | Reached skill level 3 in Conjurations
  3175 | Sewer    | Found a viscous altar of Jiyva.
  3213 | Sewer    | Reached XP level 7. HP: 41/41 MP: 8/11
  3587 | D:4      | Found Bedduol's Armour Emporium.
  3720 | D:4      | Found Ekhlahe's Assorted Antiques.
  3735 | D:4      | Found a runed translucent door.
  3741 | D:4      | Bought a scroll labelled QAOCYU QILU for 32 gold pieces
  3876 | D:4      | Reached skill level 4 in Conjurations
  4128 | D:4      | Found Qilidel's Magic Scroll Shoppe.
  4134 | D:4      | Bought a scroll of identify for 24 gold pieces
  4134 | D:4      | Bought a scroll of identify for 24 gold pieces
  4134 | D:4      | Bought a scroll of identify for 24 gold pieces
  4134 | D:4      | Bought a scroll of identify for 24 gold pieces
  4579 | D:5      | Entered Level 5 of the Dungeon
  5031 | D:5      | Reached XP level 8. HP: 38/48 MP: 9/12
  5035 | D:5      | Reached skill level 5 in Conjurations
  5118 | D:5      | Reached skill level 5 in Fighting
  5611 | D:5      | Learned a level 4 spell: Fulminant Prism
  6275 | D:6      | Found Innaithoimp's Antique Weapon Emporium.
  6430 | D:6      | Found a staircase to the Ecumenical Temple.
  6471 | D:6      | Reached skill level 6 in Conjurations
  6556 | Temple   | Entered the Ecumenical Temple
  6584 | Temple   | Became a worshipper of Vehumet
  6879 | D:6      | Reached XP level 9. HP: 18/54 MP: 7/15
  7058 | D:6      | Reached skill level 5 in Spellcasting
  7058 | D:6      | Reached skill level 7 in Conjurations
  7063 | D:6      | Learned a level 4 spell: Flame Wave
  7179 | D:6      | Reached skill level 1 in Hexes
  7408 | D:6      | Found an ornate altar of the Wu Jian Council.
  7430 | D:6      | Reached skill level 8 in Conjurations
  7546 | D:6      | Found a large runed translucent door.
  7547 | D:6      | Found a large runed translucent door.
  7589 | D:6      | Reached * piety under Vehumet
  7589 | D:6      | Offered knowledge of Freeze by Vehumet.
  7590 | D:6      | Reached skill level 1 in Staves
  7723 | D:6      | Found a large runed translucent door.
  7723 | D:6      | Found a large runed translucent door.
  7738 | D:6      | Got the Atlas of Turbulence
  7999 | D:6      | Identified the +1 ring mail "Koxzal" {rElec rPois Dex-2
                  | Stlth+}
  8196 | D:6      | Reached XP level 10. HP: 59/59 MP: 15/17
  8285 | D:6      | Noticed Pikel
  8298 | D:6      | Killed Pikel
  8299 | D:6      | Reached skill level 9 in Conjurations
  8649 | D:6      | Reached skill level 5 in Hexes
  8886 | D:7      | Reached skill level 1 in Fire Magic
  9063 | D:7      | Reached skill level 1 in Shields
  9561 | D:7      | Identified the +6 rapier of Grontol {protect, +Blink Str+3}
  9899 | D:8      | Noticed Maggie
  9899 | D:8      | Noticed Maurice
  9908 | D:8      | Killed Maggie
  9923 | D:7      | Killed Maurice
 10077 | D:8      | Found a sand-covered staircase.
 10081 | D:8      | Reached ** piety under Vehumet
 10086 | Ossuary  | Entered an ossuary
 10206 | Ossuary  | Offered knowledge of Momentum Strike by Vehumet.
 10351 | Ossuary  | Offered knowledge of Scorch by Vehumet.
 10372 | Ossuary  | Reached *** piety under Vehumet
 10652 | D:8      | Offered knowledge of Dazzling Flash by Vehumet.
 11176 | D:8      | Noticed a two-headed ogre
 11182 | D:8      | Killed a two-headed ogre
 11183 | D:8      | Reached XP level 11. HP: 56/63 MP: 11/18
 11228 | D:8      | Noticed Joseph
 11233 | D:8      | Killed Joseph
 11234 | D:8      | Reached skill level 5 in Shields
 11440 | D:8      | Found a runed translucent gate.
 11440 | D:8      | Found a runed translucent gate.
 11440 | D:8      | Found a runed translucent gate.
 11441 | D:8      | Found an opulent altar of Gozag.
 11442 | D:8      | Noticed Gelion's ghost (novice OpSh)
 11699 | D:9      | Reached skill level 5 in Fire Magic
 11845 | D:9      | Found a flagged portal.
 11846 | D:9      | Noticed Gastronok
 11858 | D:9      | Killed Gastronok
 11859 | D:9      | Reached skill level 5 in Dodging
 11875 | D:9      | Noticed a two-headed ogre
 11883 | D:9      | Killed a two-headed ogre
 11884 | D:9      | Reached skill level 10 in Conjurations
 11885 | Bailey   | Entered a bailey
 11929 | Bailey   | Noticed an orc warlord
 12021 | Bailey   | Reached **** piety under Vehumet
 12078 | Bailey   | Found a runed translucent gate.
 12081 | Bailey   | Found a runed translucent gate.
 12082 | Bailey   | Found a runed translucent gate.
 12147 | Bailey   | Offered knowledge of Yara's Violent Unravelling by Vehumet.
 12154 | Bailey   | Learned a level 5 spell: Yara's Violent Unravelling
 12201 | Bailey   | Mangled by an orc warlord

Illustrated notes

Levels and vault maps discovered:
D:1:      psy_arrival_fountain, layout_rooms,
          hellmonk_ecumenical_altar_crossroads, minmay_misc_feat_iff
D:2:      layout_rooms, serial_forest, infiniplex_forest_lined_4_way,
          infiniplex_forest_clump_C, infiniplex_forest_lined_ring,
          infiniplex_forest_pool, infiniplex_forest_diagonal, nicolae_half_adder
D:3:      kennysheep_big_flooded_room, layout_rooms, gammafunk_ghost_grave,
          nrook_loot_triangle, kennysheep_generic_room_14
D:4:      layout_basic, serial_shops, shop, shop, shop, shop,
          portal_sewer_entry_e, ebering_ghost_sewer_f
D:5:      layout_layer_cave, kennysheep_generic_room_12
D:6:      kennysheep_windowed_halls, layout_basic, lemuel_crystal_altar,
          minmay_temple_entry_statues, chequers_garden, nicolae_stop_n_shop_2,
          minmay_hollow_rounded_squares, uniq_pikel
D:7:      layout_basic
D:8:      layout_rooms, enter_ossuary_3, ebering_ghost_gozag, uniq_joseph,
          uniq_maggie, uniq_maurice
D:9:      layout_cave_pods, lair_entry_dummy, enter_bailey_2,
          grunt_ministairs_10, uniq_gastronok
Temple:   mainiacjoe_temple_archimedes_tessellation
Bailey:   bailey_axe_bossmonster_kennysheep, bailey

Skill      XL: |  1  2  3  4  5  6  7  8  9 10 11 |
---------------+----------------------------------+-----
Earth Magic    | 4 5 6 7 8 9 |  9.0
Spellcasting   | 3 4 5 |  5.0
Conjurations   | 1 2 3 4 6 8 9 10 | 10.1
Fighting       | 1 2 3 4 5 |  5.0
Hexes          | 4 5 |  5.0
Staves         | 2 4 |  4.0
Fire Magic     | 4 6 |  6.2
Dodging        | 4 5 |  5.0
Shields        | 4 5 |  5.0
Stealth        | |  2.1
Transmutations | |  0.7

Action                     |  1- 3 |  4- 6 |  7- 9 | 10-12 || total
---------------------------+-------+-------+-------+-------++-------
  Melee: Short sword       |     3 |       |       |       ||     3
         Staff             |    10 |    50 |    13 |    23 ||    96
         Punch             |       |     2 |       |       ||     2
   Fire: Sling             |       |    53 |    69 |   111 ||   233
  Throw: Dart              |       |       |       |    10 ||    10
   Cast: Sandblast         |    39 |    83 |   164 |   104 ||   390
         Stone Arrow       |       |       |    16 |    27 ||    43
         Flame Wave        |       |       |     2 |    12 ||    14
         Fulminant Prism   |       |       |       |    10 ||    10
  Evoke: Wand              |       |       |     2 |     3 ||     5
    Use: Scroll            |     2 |     3 |    10 |     8 ||    23
         Potion            |       |       |     2 |     4 ||     6
 Armour: Robe              |     4 |    19 |    35 |    37 ||    95
         Steam dragon scal |       |       |    19 |     7 ||    26
  Dodge: Dodged            |    16 |    32 |    62 |   134 ||   244
  Block: Buckler           |       |       |       |    25 ||    25

Table legend: (Time is in decaauts)
 A = Elapsed time spent in this place.
 B = Non-inter-level travel time spent in this place.
 C = Inter-level travel time spent in this place.
 D = Time resting spent in this place.
 E = Time spent auto-exploring this place.
 F = Levels seen in this place.
 G = Mean time per level.
                   A        B        C        D        E       F      G
               +--------+--------+--------+--------+--------+-----+--------+
         Total |  12536 |  12288 |    248 |   4219 |   5299 |  13 |  964.3 |
       Dungeon |  11154 |  10961 |    193 |   3813 |   5071 |   9 | 1239.3 |
        Temple |     56 |      1 |     55 |      0 |      0 |   1 |   56.0 |
         Sewer |    462 |    462 |      0 |    152 |    104 |   1 |  462.0 |
       Ossuary |    523 |    523 |      0 |    208 |     19 |   1 |  523.0 |
        Bailey |    339 |    339 |      0 |     46 |    105 |   1 |  339.0 |
               +--------+--------+--------+--------+--------+-----+--------+

Top non-repeatable levels by time:
     D:6: 2395 daAuts
     D:5: 1732 daAuts
     D:4: 1557 daAuts
     D:7: 1370 daAuts
     D:8: 1146 daAuts
     D:2: 1030 daAuts
     D:3: 866 daAuts
     D:1: 806 daAuts
 Ossuary: 523 daAuts
   Sewer: 462 daAuts
  Bailey: 339 daAuts
     D:9: 248 daAuts
  Temple: 56 daAuts
